 Dungeon Crawl Stone Soup version 0.21-a0-352-g5b8f553 (webtiles) character file.

3965 Ijustatesigmund the Sneak (level 10, -1/58 HPs)
             Began as a Vine Stalker Assassin on Oct 10, 2017.
             Was an Elder of Makhleb.
             Succumbed to a killer bee's poison
             ... on level 7 of the Dungeon.
             The game lasted 00:28:21 (6675 turns).

Ijustatesigmund the Sneak (Vine Stalker Assassin)   Turns: 6675, Time: 00:28:22

Health: -1/58      AC:  6    Str: 13    XL:     10   Next: 22%
Magic:  24/24      EV: 15    Int: 14    God:    Makhleb [****..]
Gold:   292        SH:  0    Dex: 15    Spells: 9/9 levels left

rFire    . . .     SeeInvis .   a - +6 dagger
rCold    . . .     Gourm    .   (no shield)
rNeg     + . .     Faith    .   c - +0 leather armour
rPois    .         Spirit   +   h - +0 helmet
rElec    .         Reflect  .   d - +1 cloak
rCorr    .         Harm     .   (no gloves)
MR       ++...                  (no boots)
Stlth    +++.......             k - amulet of magic regeneration
HPRegen  0.59/turn              r - ring of positive energy
MPRegen  0.44/turn              p - ring of magical power

@: lethally poisoned (-1 -> -16), very slightly contaminated
A: fangs 3, magic resistance 1, regeneration 1, robust 1, weak 1, magic shield,
antimagic bite, no potion heal 3, rot immunity, MP-powered wands
a: Minor Destruction, Lesser Servant of Makhleb, Major Destruction, Renounce
Religion


You were on level 7 of the Dungeon.
You worshipped Makhleb.
Makhleb was greatly pleased with you.
You were not hungry.

You visited 1 branch of the dungeon, and saw 9 of its levels.

You collected 292 gold pieces.

Inventory:

Hand Weapons
 a - a +6 dagger (weapon)
 b - a +0 blowgun
 v - a +0 dagger of speed
 B - the +2 rapier "Newamiamp" {pierce, rF++ Str+4}
   (You found it on level 8 of the Dungeon)

   It inflicts extra damage upon your enemies.
   It affects your strength (+4).
   It greatly protects you from fire.
Missiles
 e - 6 poisoned needles
 f - a curare-tipped needle
 m - 53 bolts
Armour
 c - a +0 leather armour (worn)
 d - a +1 cloak (worn)
 h - a +0 helmet (worn)
 n - a scarf of cloud immunity
Jewellery
 k - an amulet of magic regeneration (around neck)
 p - a ring of magical power (right hand)
 r - a ring of positive energy (left hand)
Scrolls
 i - 3 scrolls of amnesia
 o - 2 scrolls of identify
 w - a scroll of recharging
 D - a scroll of remove curse
Potions
 q - 2 potions of cancellation
 u - a potion of mutation
 A - a potion of magic
Books
 z - a book of Battle

   Spells                             Type                      Level
   a - Infusion                       Charms                       1
   b - Shroud of Golubria             Charms/Translocation         2
   c - Song of Slaying                Charms                       2
   d - Spectral Weapon                Hexes/Charms                 3
   e - Regeneration                   Charms/Necromancy            3
Comestibles
 g - 7 bread rations
 j - 3 meat rations
 t - a royal jelly
 x - 3 chunks of flesh


   Skills:
 - Level 6.3 Fighting
 - Level 6.3 Short Blades
 - Level 1.7 Throwing
 + Level 2.5 Armour
 - Level 5.6 Dodging
 - Level 7.3 Stealth
 - Level 6.6 Invocations


You had 9 spell levels left.
You didn't know any spells.

Dungeon Overview and Level Annotations

Branches:
Dungeon (9/15)             Temple (0/1) D:5            Lair (0/6) D:8
    Orc: D:9-12

Altars:
Dithmenos
Elyvilon
Gozag
Hepliaklqana
Kikubaaqudgha
Makhleb
Trog
Wu Jian
Xom
Yredelemnul

Annotations:
D:5 2 transporters
D:7 Dowan, Duvessa


Innate Abilities, Weirdness & Mutations

You have razor-sharp teeth.
Your natural rate of healing is unusually fast.
When hurt, damage is shared between your health and your magic reserves.
Your bite disrupts and absorbs the magic of your enemies.
Potions cannot restore your health.
You are immune to rotting.
You are resistant to hostile enchantments. (MR+)
You are robust. (+10% HP)
You are weak. (Str -2)
You expend magic power (3 MP) to strengthen your wands.


Message History

The killer bee stings you.
* * * LOW HITPOINT WARNING * * *
The killer bee misses you.
You barely miss the killer bee.
The killer bee is moderately wounded.
* * * LOW HITPOINT WARNING * * *
You feel sick. The killer bee closely misses you. The killer bee stings you.
* * * LOW HITPOINT WARNING * * *
* * * LOW HITPOINT WARNING * * *
You feel sick. The killer bee stings you.
* * * LOW HITPOINT WARNING * * *
You are more poisoned.
The killer bee poisons you! The killer bee stings you.
The killer bee closely misses you.
You hit the killer bee. You bite the killer bee. You drain its power.
You feel invigorated.
The killer bee is almost dead.
You feel less invigorated.
You feel less confused.
You die...

### .....
.#########.#
.....
.......>.y@#
.....
..##.##.##y#
...## #.##y#
..... #.##†#
..... #.##.#
..... #.##.#
...# #....#
..... ######
.....


You could see 3 killer bees.

Vanquished Creatures
  A two-headed ogre (D:6)
  A water moccasin (D:5)
  The ghost of Ijustatesigmund the Sneak, an amateur VSEn (D:3)
  2 black bears (D:6)
  A phantom (D:4)
  2 ice beasts
  2 orc warriors
  4 ogres
  A necrophage (D:7)
  4 wolves (D:8)
  5 centaurs
  A big kobold (D:8)
  4 bullfrogs
  A scorpion (D:7)
  A howler monkey (D:4)
  2 crimson imps
  3 hounds
  An orc priest (D:5)
  2 jellies
  7 orc wizards
  Crazy Yiuf (D:2)
  Jessica (D:3)
  An iguana (D:6)
  Natasha (twice) (D:2)
  2 worker ants
  A hound skeleton (D:6)
  Robin (D:3)
  4 gnolls (D:2)
  10 adders
  A shadow imp (D:7)
  3 dart slugs
  5 leopard geckos
  32 orcs
  2 ball pythons
  3 giant cockroaches
  8 hobgoblins
  11 jackals
  A quokka (D:2)
  18 bats
  7 frilled lizards
  18 goblins
  10 kobolds
  12 rats
200 creatures vanquished.

Notes
Turn   | Place    | Note
-------+----------+-------------------------------------------
     0 | D:1      | Ijustatesigmund the Vine Stalker Assassin began the quest for the Orb.
     0 | D:1      | Reached XP level 1. HP: 11/11 MP: 2/2
   185 | D:1      | Reached XP level 2. HP: 7/15 MP: 1/3
   490 | D:1      | Reached XP level 3. HP: 14/19 MP: 4/4
  1328 | D:2      | Noticed Natasha
  1590 | D:2      | Found a shadowy altar of Dithmenos.
  1700 | D:2      | Gained mutation: Your natural rate of healing is unusually fast. [Vine Stalker growth]
  1700 | D:2      | Reached XP level 4. HP: 22/23 MP: 5/5
  1782 | D:2      | Found a burning altar of Makhleb.
  1787 | D:2      | Became a worshipper of Makhleb the Destroyer
  1882 | D:2      | Killed Natasha
  1909 | D:2      | Found a runed door.
  1913 | D:2      | Noticed Crazy Yiuf
  1950 | D:2      | Killed Crazy Yiuf
  1950 | D:2      | Reached skill level 5 in Stealth
  1950 | D:2      | Reached XP level 5. HP: 21/28 MP: 6/6
  2031 | D:3      | Found a faded altar of an unknown god.
  2048 | D:3      | Noticed Robin
  2384 | D:4      | Reached XP level 6. HP: 28/33 MP: 7/7
  2443 | D:4      | Noticed a phantom
  2449 | D:4      | Reached * piety under Makhleb
  2449 | D:4      | Reached skill level 6 in Stealth
  2530 | D:3      | Noticed Ijustatesigmund's ghost (amateur VSEn)
  2546 | D:3      | Killed Ijustatesigmund's ghost
  2584 | D:3      | Reached XP level 7. HP: 37/37 MP: 8/8
  2690 | D:2      | Noticed Natasha
  2704 | D:2      | Killed Natasha
  2800 | D:2      | Reached ** piety under Makhleb
  2826 | D:3      | Killed Robin
  2843 | D:3      | Found a shimmering altar of Xom.
  2969 | D:3      | Found an ancient bone altar of Kikubaaqudgha.
  3080 | D:3      | Reached skill level 7 in Stealth
  3144 | D:3      | Noticed Jessica
  3153 | D:3      | Killed Jessica
  3385 | D:4      | Got a steaming mace
  3464 | D:4      | Found an opulent altar of Gozag.
  3514 | D:4      | Identified the +5 mace of the Warrior {elec, rPois} (You found it on level 4 of the Dungeon)
  3635 | D:4      | Found a basalt altar of Yredelemnul.
  3711 | D:4      | Found a white marble altar of Elyvilon.
  3808 | D:5      | Entered Level 5 of the Dungeon
  3822 | D:5      | Found a transporter.
  3837 | D:5      | Reached skill level 1 in Dodging
  3837 | D:5      | Reached skill level 1 in Invocations
  3877 | D:5      | Gained mutation: You are robust. (+10% HP) [potion of mutation]
  3877 | D:5      | Gained mutation: You are weak. (Str -2) [potion of mutation]
  3877 | D:5      | Gained mutation: You expend magic power (3 MP) to strengthen your wands. [potion of mutation]
  3877 | D:5      | Gained mutation: You are resistant to hostile enchantments. (MR+) [potion of mutation]
  3977 | D:5      | Gained mutation: You have razor-sharp teeth. [Vine Stalker growth]
  3977 | D:5      | Reached XP level 8. HP: 46/46 MP: 10/10
  4062 | D:5      | Found a transporter.
  4210 | D:5      | Found a white marble altar of Elyvilon.
  4373 | D:5      | Found a staircase to the Ecumenical Temple.
  4559 | D:6      | Found a bloodstained altar of Trog.
  4603 | D:6      | Reached *** piety under Makhleb
  4849 | D:5      | Reached skill level 5 in Invocations
  4849 | D:5      | Reached XP level 9. HP: 50/50 MP: 13/13
  5113 | D:6      | Noticed a two-headed ogre
  5117 | D:6      | Killed a two-headed ogre
  5117 | D:6      | Reached skill level 5 in Dodging
  5362 | D:7      | Found an ornate altar of the Wu Jian Council.
  5393 | D:7      | Reached skill level 5 in Fighting
  5393 | D:7      | Reached skill level 5 in Short Blades
  5436 | D:7      | Noticed Dowan
  5437 | D:7      | Noticed Duvessa
  6058 | D:8      | Got a jewelled rapier
  6097 | D:9      | Identified the +2 rapier "Newamiamp" {pierce, rF++ Str+4} (You found it on level 8 of the Dungeon)
  6162 | D:8      | Reached XP level 10. HP: 56/58 MP: 15/15
  6220 | D:8      | Found a hazy altar of Hepliaklqana.
  6261 | D:8      | Noticed a two-headed ogre
  6484 | D:8      | Reached **** piety under Makhleb
  6484 | D:8      | Reached skill level 1 in Armour
  6674 | D:7      | HP: 2/58 [poisoned by a killer bee]
  6675 | D:7      | Succumbed to a killer bee's poison

Vault maps used:
D:1:      dpeg_arrival_leaves_temple_mockup
D:2:      lightli_temple_of_fire, grunt_dithmenos_smoke_and_mirrors,
          first_bread, uniq_natasha, uniq_crazy_yiuf_cottage
D:3:      old_standard_altar, kiku_gazebo_pond_becter,
          chequers_ecumenical_altar_simple_redux, minmay_misc_feat_cross,
          st_stairs_12, uniq_robin, uniq_jessica
D:4:      nicolae_gozag_cash_rules_everything_around_me, kennysheep_ying_yang
D:5:      gammafunk_wand_slinger, minmay_temple_entry_nine_rooms,
          elyvilon_altar_5
D:6:      trog_ov_bears_minmay, minmay_three_doors
D:7:      kennysheep_little_box, lemuel_crystal_altar, uniq_duvessa
D:8:      old_standard_altar, marbit_many_paths, erik_lair_island
D:9:      grunt_qazlal_sundering, basic_altar, uniq_prince_ribbit1

Skill      XL: |  1  2  3  4  5  6  7  8  9 10 |
---------------+-------------------------------+-----
Fighting       | 2 3 4 6 |  6.3
Short Blades   | 2 3 4 6 |  6.3
Stealth        | 5 6 7 |  7.3
Dodging        | 2 4 5 |  5.6
Invocations    | 2 5 6 |  6.6
Armour         | 2 |  2.5
Throwing       | |  1.7

Action                   |  1- 3 |  4- 6 |  7- 9 | 10-12 || total
-------------------------+-------+-------+-------+-------++-------
Melee: Dagger            |    95 |   135 |   369 |    85 ||   684
       Bite              |    22 |    33 |    98 |    23 ||   176
 Fire: Blowgun           |       |    12 |     7 |       ||    19
  Use: Scroll            |     4 |     2 |    11 |     4 ||    21
       Potion            |     1 |     2 |     3 |     2 ||     8
 Stab: Sleeping          |    17 |     5 |    15 |     4 ||    41
  Eat: Chunk             |     2 |     3 |     6 |       ||    11
       Royal jelly       |       |       |     2 |       ||     2
       Bread ration      |       |       |     1 |       ||     1
Armor: Robe              |    22 |    46 |    46 |       ||   114
       Skin              |     3 |       |       |       ||     3
       Leather armour    |       |       |    36 |    14 ||    50
Dodge: Dodged            |    46 |    72 |   237 |    91 ||   446

Table legend:
 A = Spawn XP
 B = Non-spawn XP
 C = Spawn XP percentage of total XP
 D = Spawn monster count
 E = Non-spawn monster count
 F = Spawn count percentage of total count
 G = Total turns spent on level
                    A         B        C        D         E        F      G
               +---------+---------+-------+---------+---------+-------+---------
         Total |       0 |    5665 |   0.0 |       0 |     200 |   0.0 |  6675
               +---------+---------+-------+---------+---------+-------+---------
           D:1 |       0 |      53 |   0.0 |       0 |      32 |   0.0 |  1257
           D:2 |       0 |     230 |   0.0 |       0 |      31 |   0.0 |   960
           D:3 |       0 |     370 |   0.0 |       0 |      40 |   0.0 |   647
           D:4 |       0 |     371 |   0.0 |       0 |      15 |   0.0 |   944
           D:5 |       0 |     953 |   0.0 |       0 |      25 |   0.0 |   957
           D:6 |       0 |    1646 |   0.0 |       0 |      25 |   0.0 |   445
           D:7 |       0 |     257 |   0.0 |       0 |       5 |   0.0 |   500
           D:8 |       0 |    1433 |   0.0 |       0 |      23 |   0.0 |   891
           D:9 |       0 |     352 |   0.0 |       0 |       4 |   0.0 |    74
               +---------+---------+-------+---------+---------+-------+---------
